 Dungeon Crawl Stone Soup version 0.27-a0-1595-g0b823d0a13 (webtiles) character file.

Game seed: 316637559558135175

142 Sin92 the Skirmisher (level 5, 0/41 HPs)
             Began as a Demonspawn Fighter on July 20, 2021.
             Slain by an orc priest (6 damage)
             ... on level 3 of the Dungeon.
             The game lasted 00:01:56 (2800 turns).

Sin92 the Skirmisher (Demonspawn Fighter)           Turns: 2800, Time: 00:01:57

Health: 0/41       AC:  6    Str: 17    XL:     5   Next: 3%
Magic:  5/5        EV:  7    Int:  9    God:
Gold:   116        SH:  0    Dex: 13    Spells: 4/4 levels left

rFire    . . .     SeeInvis .   a - +1 long sword
rCold    . . .     Faith    .   c - +0 kite shield
rNeg     . . .     Spirit   .   b - +0 scale mail
rPois    .         Reflect  .   (no helmet)
rElec    .         Harm     .   (no cloak)
rCorr    .         Rampage  .   (no gloves)
Will     .....                  (no boots)
Stlth    ..........             (no amulet)
HPRegen  0.13/turn              (no ring)
MPRegen  0.09/turn              (no ring)

@: confused, ambrosia-drunk
A: hooves 1
a: no special abilities


You were on level 3 of the Dungeon.
You visited 1 branch of the dungeon, and saw 3 of its levels.

You collected 116 gold pieces.

Inventory:

Hand Weapons
 a - a +1 long sword (weapon)
Armour
 b - a +0 scale mail (worn)
 c - a +0 kite shield (worn)
Scrolls
 f - 2 scrolls of identify
Potions
 e - a potion of invisibility {unknown}
 h - a potion of resistance {unknown}
 i - a potion of curing {unknown}


   Skills:
 + Level 3.6 Fighting
 * Level 3.1 Long Blades
 + Level 3.2 Armour
 + Level 1.3 Dodging
 + Level 3.1 Shields


You had 4 spell levels left.
You didn't know any spells.
Your spell library contained the following spells:

 Spells                   Type           Power      Damage    Failure   Level
 Animate Skeleton         Necr           0%         N/A       99%         1
 Apportation              Tloc           0%         N/A       99%         1
 Corona                   Hex            0%         N/A       99%         1
 Summon Small Mammal      Summ           0%         N/A       99%         1


Dungeon Overview and Level Annotations

Branches:
Dungeon (3/15)

Altars:
Ashenzari
Nemelex Xobeh

Annotations:
D:3 1 transporter


Innate Abilities, Weirdness & Mutations

You have large cloven feet.


Message History

Unknown command.
Press < or > to pray at altars.
There are monsters nearby!
The orc priest hits you with a +0 hand axe.
Things that are here:
a +0 short sword; an orc corpse Unknown command.
There are monsters nearby!
You barely miss the orc priest. You kick the orc priest.
The orc priest is moderately wounded.
You block the hobgoblin's attack. The orc hits you with a +0 dagger.
You block the hobgoblin's attack. The orc hits you with a +0 dagger.
Unknown command.
There are monsters nearby!
You closely miss the orc priest.
The orc priest is moderately wounded.
The orc priest looks braver for a moment.
You block the hobgoblin's attack. The orc priest closely misses you.
The orc hits you with a +0 dagger.
The orc priest invokes the aid of Beogh against you.
Pain shoots through your body!
There are monsters nearby!
You are too injured to fight recklessly!
Unknown command.
You are too injured to fight recklessly!
Unknown command.
You are too injured to fight recklessly!
Unknown command.
You are too injured to fight recklessly!
It was a potion of ambrosia.
You are confused.
You feel invigorated.
The hobgoblin hits you but does no damage.
The orc priest invokes the aid of Beogh against you.
Pain shoots through your body!
* * * LOW HITPOINT WARNING * * *
The orc hits you with a +0 dagger.
* * * LOW HITPOINT WARNING * * *
The orc priest hits you with a +0 hand axe.
You die...

####....>......####.#..#
#..........#...#....#
####.#.....#.(.#....#
#..#..####...####.##
#..#..#⌠.##+##.⌠...###
#.....#..............#
#....#.#.....?..####.#
#.....o.....#..[#.#
....'.o@_..[+...# #
#...#.go....#...# #
#........####..
............# ..#
...#⌠.##+##.⌠.. ## ..
### ####.# # .# #


You could see 2 orc priests, an orc and a hobgoblin.

Vanquished Creatures
  A scorpion (D:2)
  3 adders
  2 dart slugs (D:3)
  5 orcs (D:3)
  4 endoplasms
  5 giant cockroaches
  5 goblins
  A hobgoblin (D:3)
  A jackal (D:1)
  3 quokkas
  5 ball pythons
  3 bats
  2 frilled lizards
  4 kobolds
  5 rats
49 creatures vanquished.

Notes
Turn   | Place    | Note
-------+----------+-------------------------------------------
     0 | D:1      | Sin92 the Demonspawn Fighter began the quest for the Orb.
     0 | D:1      | Reached XP level 1. HP: 18/18 MP: 1/1
   177 | D:1      | Gained mutation: You have large cloven feet. [demonic
                  | ancestry]
   177 | D:1      | Reached XP level 2. HP: 5/24 MP: 2/2
  1138 | D:1      | Reached XP level 3. HP: 29/29 MP: 3/3
  2312 | D:2      | Noticed a scorpion
  2318 | D:2      | Killed a scorpion
  2319 | D:2      | Reached skill level 1 in Dodging
  2319 | D:2      | Reached XP level 4. HP: 35/35 MP: 4/4
  2330 | D:2      | Found a faded altar of an unknown god.
  2625 | D:3      | Found a sparkling altar of Nemelex Xobeh.
  2625 | D:3      | Found a transporter.
  2627 | D:3      | Noticed an ice beast
  2735 | D:3      | Reached XP level 5. HP: 36/41 MP: 5/5
  2787 | D:3      | Found a broken altar of Ashenzari.
  2800 | D:3      | Slain by an orc priest

Illustrated notes

Levels and vault maps discovered:
D:1:      minmay_arrival_doors, layout_basic, minmay_split_cup_large
D:2:      layout_basic, shapermc_ecumenical_altar_flowoftime
D:3:      minmay_door_path, layout_rooms, grunt_nemelex_the_gamble,
          evilmike_ruin_ashenzari, serial_shops, shop

Skill      XL: |  1  2  3 |
---------------+----------+-----
Long Blades    | 2 3 |  3.1
Armour         | 3 |  3.2
Dodging        | 1 |  1.3
Shields        | 3 |  3.1
Fighting       | |  3.6

Action                   |  1- 3 |  4- 6 || total
-------------------------+-------+-------++-------
Melee: Long sword        |    72 |    31 ||   103
       Kick              |    12 |    10 ||    22
  Use: Potion            |     1 |     2 ||     3
       Scroll            |       |     4 ||     4
Armor: Scale mail        |    29 |     9 ||    38
Dodge: Dodged            |    25 |     8 ||    33
Block: Kite shield       |    35 |    14 ||    49
       Rpst.: Long sword |     9 |     3 ||    12

Table legend: (Time is in decaauts)
 A = Elapsed time spent in this place.
 B = Non-inter-level travel time spent in this place.
 C = Inter-level travel time spent in this place.
 D = Time resting spent in this place.
 E = Time spent auto-exploring this place.
 F = Levels seen in this place.
 G = Mean time per level.
                   A        B        C        D        E       F      G
               +--------+--------+--------+--------+--------+-----+--------+
         Total |   2834 |   2695 |    139 |    224 |   2151 |   3 |  944.7 |
       Dungeon |   2834 |   2695 |    139 |    224 |   2151 |   3 |  944.7 |
               +--------+--------+--------+--------+--------+-----+--------+

Top non-repeatable levels by time:
     D:1: 1701 daAuts
     D:2: 833 daAuts
     D:3: 299 daAuts
